Machettes vs Thunder
(R2)
Created - 28 mai 2013 at 19:05
Goals
|
| Machettes |
0 |
1 |
4 |
5 |
| Thunder |
2 |
0 |
1 |
3 |
|
Shots
|
| Machettes |
10 |
14 |
12 |
36 |
| Thunder |
9 |
13 |
5 |
27 |
|
1st period
1. Thunder , Pierre-Alexandre Parenteau 4 (Alexei Semenov, Daniel Winnik) at 5:44
2. Thunder , Tom Pyatt 2 (Ray Macias, Robin Leblanc) at 17:34
Penalties :
Alexandre Picard (CLM) for Roughing (Minor) at 7:39, Brandon Mashinter (TRO) for Holding (Minor) at 18:05
2nd period
3. Machettes , Cory Emmerton 1 (Steven Goertzen, James Wisniewski) at 1:54
Penalties :
Colby Cohen (TRO) for Tripping (Minor) at 9:48, Brandon Mashinter (TRO) for Holding (Minor) at 12:14, Alexei Semenov (TRO) for Holding (Minor) at 18:21
3rd period
4. Machettes , Sergei Kostitsyn 2 (Eric Godard, Petri Kontiola) at 0:06 (PP)
5. Machettes , Sergei Kostitsyn 3 (Eric Godard, James Wisniewski) at 4:27 (PP)
6. Machettes , Pavel Vorobiev 5 (Keith Yandle, James Wisniewski) at 5:04
7. Thunder , Daniel Winnik 6 (Pierre-Alexandre Parenteau, Tom Pyatt) at 5:43
8. Machettes , Steven Goertzen 3 (Cory Emmerton, Jonathan Matsumoto) at 6:51
Penalties :
Tom Pyatt (TRO) for Roughing (Minor) at 0:29, Pierre-Alexandre Parenteau (TRO) for Tripping (Minor) at 4:13, Brandon Mashinter (TRO) for Hooking (Minor) at 8:06, Brett Festerling (TRO) for Tripping (Minor) at 13:16
Goalie Stats
Marek Schwarz (CLM), 24 saves from 27 shots - (0,889), W, 1-0-1, 60:00 minutes
Semyon Varlamov (TRO), 31 saves from 36 shots - (0,861), L, 1-1-0, 60:00 minutes
Players Stats for Machettes
Player Name G A P +/- PIM S H SB GA TA FO MP PP MP PK MP
------------------------------------------------------------------------------------
Alex Plante 0 0 0 0 0 0 0 0 0 0 0/0 3:19 0:00 0:00
Alexandre Picard 0 0 0 -1 2 3 1 1 0 0 0/0 17:20 4:33 0:00
Andrew MacDonald 0 0 0 0 0 0 0 0 0 0 0/0 13:24 0:00 1:00
Andrew Orpik 0 0 0 0 0 0 0 0 0 0 0/0 3:43 0:00 0:23
Brett Carson 0 0 0 0 0 0 0 2 0 0 0/0 12:33 0:00 0:09
Cory Emmerton 1 1 2 2 0 4 1 0 1 1 1/2 11:55 0:14 0:00
Dustin Jeffrey 0 0 0 2 0 0 2 0 0 0 0/1 10:54 0:00 0:00
Eric Godard 0 2 2 -1 0 6 0 0 0 0 1/3 21:30 7:48 0:57
James Wisniewski 0 3 3 1 0 1 2 0 0 1 0/0 25:33 9:20 0:36
John Mitchell 0 0 0 0 0 0 1 0 0 0 5/11 16:55 5:51 0:00
Jonathan Matsumoto 0 1 1 -1 0 2 0 1 0 0 3/4 9:39 0:14 0:00
Keith Yandle 0 1 1 -1 0 0 1 1 0 1 0/0 18:35 4:33 1:14
Luca Caputi 0 0 0 0 0 0 0 0 0 0 0/0 0:00 0:00 0:00
Matt Keith 0 0 0 0 0 0 0 0 0 0 0/0 1:01 0:14 0:00
Michal Repik 0 0 0 0 0 0 0 0 0 0 0/0 0:00 0:00 0:00
Pavel Vorobiev 1 0 1 0 0 5 1 0 0 0 0/0 17:53 5:51 0:57
Peter Olvecky 0 0 0 0 0 2 2 1 1 0 0/0 17:27 5:51 0:24
Petri Kontiola 0 1 1 -1 0 3 1 1 0 0 16/30 20:18 7:48 0:00
Rick Schofield 0 0 0 0 0 0 0 0 0 0 0/0 0:00 0:00 0:00
Sergei Kostitsyn 2 0 2 -1 0 4 2 1 2 0 1/3 20:18 7:48 0:00
Stefan Ruzicka 0 0 0 -1 0 2 2 0 0 0 0/0 9:16 0:00 0:38
Stephane Da Costa 0 0 0 0 0 0 0 0 0 0 0/0 0:00 0:00 0:00
Steven Goertzen 1 1 2 2 0 1 2 0 0 0 0/0 11:32 0:00 0:38
Tom Gilbert 0 0 0 1 0 3 2 1 0 0 0/0 25:33 9:20 0:36
Tyler McNeely 0 0 0 -1 0 0 0 0 0 0 1/2 9:22 0:00 0:24
Players Stats for Thunder
Player Name G A P +/- PIM S H SB GA TA FO MP PP MP PK MP
------------------------------------------------------------------------------------
Adam Hall 0 0 0 -1 0 5 0 0 0 0 9/16 22:08 0:59 7:46
Alexei Semenov 0 1 1 0 2 6 1 1 0 0 0/0 25:50 1:21 7:55
Brandon Mashinter 0 0 0 0 6 0 2 0 0 0 1/1 14:04 0:00 1:18
Brett Festerling 0 0 0 -1 2 0 0 1 0 0 0/0 13:38 0:00 0:00
Casey Pierro-Zabotel 0 0 0 -1 0 0 1 0 0 0 0/0 7:55 0:00 0:00
Colby Cohen 0 0 0 0 2 0 0 0 0 1 0/0 3:25 0:00 0:10
Colton Gillies 0 0 0 0 0 0 0 0 0 0 0/0 11:32 0:00 0:00
Daniel Winnik 1 1 2 2 0 5 2 0 1 0 0/0 16:47 0:41 5:25
Dany Roussin 0 0 0 0 0 0 0 0 0 0 0/0 1:19 0:00 0:42
Derek Peltier 0 0 0 1 0 0 0 0 0 0 0/0 19:40 0:38 4:49
Doug Janik 0 0 0 0 0 0 0 1 0 1 0/0 23:45 1:21 9:04
Jannik Hansen 0 0 0 0 0 0 0 0 0 0 0/0 0:19 0:19 0:00
Jerred Smithson 0 0 0 -1 0 1 1 0 0 0 13/19 14:49 0:59 1:12
Joey Crabb 0 0 0 0 0 2 3 0 1 1 0/1 11:51 0:19 0:00
Joey Ryan 0 0 0 0 0 0 0 0 0 0 0/0 0:00 0:00 0:00
Jon Kalinski 0 0 0 0 0 0 0 0 0 0 0/0 0:00 0:00 0:00
Kelly Zajac 0 0 0 -1 0 1 0 0 0 0 3/6 7:55 0:00 0:00
Kevin Montgomery 0 0 0 -1 0 0 2 1 0 0 0/0 14:19 0:00 0:59
Pierre-Alexandre Parente 1 1 2 2 2 3 5 0 1 0 0/0 14:58 0:41 3:37
Ray Macias 0 1 1 1 0 0 0 2 0 0 0/0 19:40 0:38 4:49
Robin Leblanc 0 1 1 -1 0 0 2 0 0 0 0/0 8:14 0:19 0:00
Scott Parse 0 0 0 -1 0 3 1 0 0 0 0/2 22:08 0:59 7:46
Shawn Matthias 0 0 0 0 0 0 0 0 0 0 0/0 0:00 0:00 0:00
Tom Pyatt 1 1 2 2 2 1 0 0 0 1 2/11 11:43 0:41 0:00
3 Stars
1 - Daniel Winnik (TRO)
2 - Steven Goertzen (CLM)
3 - Pierre-Alexandre Parenteau (TRO)
Power Play
Machettes - 2 on 8 Attempt(s) - 25,00%
Thunder - 0 on 1 Attempt(s) - 0,00%
Penalty Kill
Machettes - 1 on 1 Attempt(s) - 100,00%
- Score 0 goal in Penalty Kill
Thunder - 6 on 8 Attempt(s) - 75,00%
- Score 0 goal in Penalty Kill
Official
Referees : Martell Rob and Rooney Chris
Linesman : Ryan Galloway and Steve Miller
Game Notes
6:51 of 3rd period - Machettes goal is going for a video replay. After video review, Goal.
Finance
Level 1 -- Attendance: 1747 (87,35%) -- Ticket Income 61 145 $
Level 2 -- Attendance: 827 (82,70%) -- Ticket Income 12 405 $
Total Attendance: 2574 (85,80%)
Total Ticket Income: 73 550 $
Other Income: 3 678 $
Total Income: 77 228 $
Machettes
5 vs 5 Forward
Center Left Wing Right Wing Time % Phy DF OF
1 Petri Kontiola Sergei Kostitsyn Eric Godard 40 1 2 2
2 John Mitchell Peter Olvecky Pavel Vorobiev 30 1 2 2
3 Jonathan Matsumoto Tyler McNeely Stefan Ruzicka 20 1 2 2
4 Cory Emmerton Dustin Jeffrey Steven Goertzen 10 1 2 2
5 vs 5 Defense
Defense Defense Time % Phy DF OF
1 Tom Gilbert James Wisniewski 40 1 2 2
2 Alexandre Picard Keith Yandle 30 1 2 2
3 Brett Carson Andrew MacDonald 20 1 2 2
4 Andrew Orpik Alex Plante 10 1 2 2
PowerPlay Forward
Center Left Wing Right Wing Time % Phy DF OF
1 Petri Kontiola Sergei Kostitsyn Eric Godard 60 1 2 2
2 John Mitchell Peter Olvecky Pavel Vorobiev 40 1 2 2
PowerPlay Defense
Defense Defense Time % Phy DF OF
1 Tom Gilbert James Wisniewski 60 1 2 2
2 Alexandre Picard Keith Yandle 40 1 2 2
Penalty Kill 4 Players Forward
Center Wing Time % Phy DF OF
1 Eric Godard Pavel Vorobiev 60 1 2 2
2 Stefan Ruzicka Steven Goertzen 40 1 2 2
Penalty Kill 4 Players Defense
Defense Defense Time % Phy DF OF
1 Tom Gilbert James Wisniewski 60 1 2 2
2 Alexandre Picard Keith Yandle 40 1 2 2
Penalty Kill - 3 Players Forward
Forward Time % Phy DF OF
1 Eric Godard 60 1 2 2
2 Pavel Vorobiev 40 1 2 2
Penalty Kill - 3 Players Defense
Defense Defense Time % Phy DF OF
1 Tom Gilbert James Wisniewski 60 1 2 2
2 Alexandre Picard Keith Yandle 40 1 2 2
4 vs 4 Forward
Center Wing Time % Phy DF OF
1 Eric Godard Pavel Vorobiev 60 1 2 2
2 Stefan Ruzicka Steven Goertzen 40 1 2 2
4 vs 4 Defense
Defense Defense Time % Phy DF OF
1 Tom Gilbert James Wisniewski 60 1 2 2
2 Alexandre Picard Keith Yandle 40 1 2 2
Last Minutes Offensive
Center Left Wing Right Wing Defense Defense
Petri Kontiola Sergei Kostitsyn Eric Godard Tom Gilbert James Wisniewski
Last Minutes Defensive
Center Left Wing Right Wing Defense Defense
Petri Kontiola Sergei Kostitsyn Eric Godard Tom Gilbert James Wisniewski
Goaltenders
Starting : Marek Schwarz
Backup : Mathieu Garon
Extra Forwards
Normal : Jonathan Matsumoto, Cory Emmerton, Tyler McNeely - PP : Jonathan Matsumoto, Cory Emmerton - PK : Tyler McNeely
Extra Defensemen
Normal : Brett Carson, Andrew MacDonald, Andrew Orpik - PP : Brett Carson - PK : Andrew MacDonald, Andrew Orpik
Penalty Shots
Eric Godard, Pavel Vorobiev, Stefan Ruzicka, Steven Goertzen, Petri Kontiola
Thunder
5 vs 5 Forward
Center Left Wing Right Wing Time % Phy DF OF
1 Jerred Smithson Scott Parse Adam Hall 40 1 2 2
2 Tom Pyatt Daniel Winnik Pierre-Alexandre Parentea30 1 2 2
3 Brandon Mashinter Colton Gillies Joey Crabb 20 1 2 2
4 Kelly Zajac Casey Pierro-Zabotel Robin Leblanc 10 1 2 2
5 vs 5 Defense
Defense Defense Time % Phy DF OF
1 Alexei Semenov Doug Janik 40 1 2 2
2 Derek Peltier Ray Macias 30 1 2 2
3 Brett Festerling Kevin Montgomery 20 1 2 2
4 Colby Cohen Alexei Semenov 10 1 2 2
PowerPlay Forward
Center Left Wing Right Wing Time % Phy DF OF
1 Jerred Smithson Scott Parse Adam Hall 60 1 2 2
2 Tom Pyatt Daniel Winnik Pierre-Alexandre Parentea40 1 2 2
PowerPlay Defense
Defense Defense Time % Phy DF OF
1 Alexei Semenov Doug Janik 60 1 2 2
2 Derek Peltier Ray Macias 40 1 2 2
Penalty Kill 4 Players Forward
Center Wing Time % Phy DF OF
1 Adam Hall Scott Parse 60 1 2 2
2 Pierre-Alexandre ParenteaDaniel Winnik 40 1 2 2
Penalty Kill 4 Players Defense
Defense Defense Time % Phy DF OF
1 Alexei Semenov Doug Janik 60 1 2 2
2 Derek Peltier Ray Macias 40 1 2 2
Penalty Kill - 3 Players Forward
Forward Time % Phy DF OF
1 Adam Hall 60 1 2 2
2 Scott Parse 40 1 2 2
Penalty Kill - 3 Players Defense
Defense Defense Time % Phy DF OF
1 Alexei Semenov Doug Janik 60 1 2 2
2 Derek Peltier Ray Macias 40 1 2 2
4 vs 4 Forward
Center Wing Time % Phy DF OF
1 Adam Hall Scott Parse 60 1 2 2
2 Pierre-Alexandre ParenteaDaniel Winnik 40 1 2 2
4 vs 4 Defense
Defense Defense Time % Phy DF OF
1 Alexei Semenov Doug Janik 60 1 2 2
2 Derek Peltier Ray Macias 40 1 2 2
Last Minutes Offensive
Center Left Wing Right Wing Defense Defense
Jerred Smithson Scott Parse Adam Hall Alexei Semenov Doug Janik
Last Minutes Defensive
Center Left Wing Right Wing Defense Defense
Jerred Smithson Scott Parse Adam Hall Alexei Semenov Doug Janik
Goaltenders
Starting : Semyon Varlamov
Backup : Adam Munro
Extra Forwards
Normal : Joey Crabb, Robin Leblanc, Brandon Mashinter - PP : Joey Crabb, Robin Leblanc - PK : Brandon Mashinter
Extra Defensemen
Normal : Brett Festerling, Kevin Montgomery, Colby Cohen - PP : Brett Festerling - PK : Kevin Montgomery, Colby Cohen
Penalty Shots
Adam Hall, Scott Parse, Pierre-Alexandre Parenteau, Daniel Winnik, Jerred Smithson
% Time on Ice - Machettes
Lines # - Real PCT - Wanted PCT - Time Play
Normal Forward
1 - 30% - 40% - 13:18
2 - 26% - 30% - 11:18
3 - 20% - 20% - 8:38
4 - 25% - 10% - 10:54
Normal Defense
1 - 35% - 40% - 15:37
2 - 29% - 30% - 12:48
3 - 28% - 20% - 12:24
4 - 8% - 10% - 3:19
PP Forward
1 - 58% - 60% - 8:02
2 - 42% - 40% - 5:51
PP Defense
1 - 67% - 60% - 9:20
2 - 33% - 40% - 4:33
PK Forward
1 - 68% - 60% - 1:21
2 - 32% - 40% - 0:38
PK Defense
1 - 30% - 60% - 0:36
2 - 70% - 40% - 1:23
PK3 Forward
1 - 0% - 60%
2 - 0% - 40%
PK3 Defense
1 - 0% - 60%
2 - 0% - 40%
44 Forward
1 - 0% - 60%
2 - 0% - 40%
44 Defense
1 - 0% - 60%
2 - 0% - 40%
Last Minute Offensive - 0:00
Last Minute Defensive - 0:00
Total
Forward - 60:00
Defense - 60:00
|
% Time on Ice - Thunder
Lines # - Real PCT - Wanted PCT - Time Play
Normal Forward
1 - 32% - 40% - 14:00
2 - 24% - 30% - 10:41
3 - 26% - 20% - 11:32
4 - 18% - 10% - 7:55
Normal Defense
1 - 30% - 40% - 13:20
2 - 32% - 30% - 14:13
3 - 30% - 20% - 13:20
4 - 7% - 10% - 3:15
PP Forward
1 - 66% - 60% - 1:18
2 - 34% - 40% - 0:41
PP Defense
1 - 68% - 60% - 1:21
2 - 32% - 40% - 0:38
PK Forward
1 - 74% - 60% - 10:16
2 - 26% - 40% - 3:37
PK Defense
1 - 65% - 60% - 9:04
2 - 35% - 40% - 4:49
PK3 Forward
1 - 0% - 60%
2 - 0% - 40%
PK3 Defense
1 - 0% - 60%
2 - 0% - 40%
44 Forward
1 - 0% - 60%
2 - 0% - 40%
44 Defense
1 - 0% - 60%
2 - 0% - 40%
Last Minute Offensive - 0:00
Last Minute Defensive - 0:00
Total
Forward - 60:00
Defense - 60:00
|
Play by Play
1st period
0:01 of 1st period - Petri Kontiola wins face-off versus Jerred Smithson in neutral zone.
0:30 of 1st period - Snap shot by Pierre-Alexandre Parenteau.
0:30 of 1st period - Deflect By Tom Gilbert.
0:30 of 1st period - Stopped by Marek Schwarz with a rebound.
0:48 of 1st period - Wrist shot by Pavel Vorobiev.
0:48 of 1st period - Deflect By Jonathan Matsumoto.
0:48 of 1st period - Stopped by Semyon Varlamov with a rebound.
0:50 of 1st period - Slapshot by Tom Gilbert.
0:50 of 1st period - Shot Misses the Net.
0:52 of 1st period - Wrist shot by Tom Gilbert.
0:52 of 1st period - Deflect By Ray Macias.
0:52 of 1st period - Stopped by Semyon Varlamov without a rebound.
0:53 of 1st period - Jonathan Matsumoto wins face-off versus Kelly Zajac in Thunder zone.
1:00 of 1st period - Wrist shot by Stefan Ruzicka.
1:00 of 1st period - Deflect By Jonathan Matsumoto.
1:00 of 1st period - Stopped by Semyon Varlamov without a rebound.
1:01 of 1st period - Kelly Zajac wins face-off versus Cory Emmerton in Thunder zone.
1:06 of 1st period - Wrist shot by Steven Goertzen.
1:06 of 1st period - Shot Blocked by Kevin Montgomery.
1:46 of 1st period - Wrist shot by Pavel Vorobiev.
1:46 of 1st period - Shot Misses the Net.
1:48 of 1st period - Slapshot by Alexandre Picard.
1:48 of 1st period - Stopped by Semyon Varlamov without a rebound.
1:49 of 1st period - John Mitchell wins face-off versus Tom Pyatt in Thunder zone.
1:50 of 1st period - Slapshot by Pavel Vorobiev.
1:50 of 1st period - Shot Blocked by Ray Macias.
1:52 of 1st period - Wrist shot by John Mitchell.
1:52 of 1st period - Shot Blocked by Ray Macias.
1:54 of 1st period - Wrist shot by Brett Carson.
1:54 of 1st period - Deflect By John Mitchell.
1:54 of 1st period - Shot Misses the Net.
1:54 of 1st period - Puck is out of play.
1:55 of 1st period - Brandon Mashinter wins face-off versus Tyler McNeely in Thunder zone.
2:00 of 1st period - Brett Carson is hit by Brandon Mashinter and loses puck.
4:13 of 1st period - Snap shot by Adam Hall.
4:13 of 1st period - Shot Misses the Net.
4:33 of 1st period - Wrist shot by Daniel Winnik.
4:33 of 1st period - Stopped by Marek Schwarz without a rebound.
4:34 of 1st period - Jerred Smithson wins face-off versus John Mitchell in Machettes zone.
4:41 of 1st period - Slapshot by Adam Hall.
4:41 of 1st period - Stopped by Marek Schwarz without a rebound.
4:42 of 1st period - Jerred Smithson wins face-off versus John Mitchell in Machettes zone.
4:52 of 1st period - Wrist shot by Jerred Smithson.
4:52 of 1st period - Shot Misses the Net.
4:54 of 1st period - Snap shot by Adam Hall.
4:54 of 1st period - Stopped by Marek Schwarz with a rebound.
5:14 of 1st period - Snap shot by Scott Parse.
5:14 of 1st period - Stopped by Marek Schwarz with a rebound.
5:28 of 1st period - Snap shot by Scott Parse.
5:28 of 1st period - Deflect By Adam Hall.
5:28 of 1st period - Shot Blocked by Peter Olvecky.
5:28 of 1st period - Puck is out of play.
5:29 of 1st period - Petri Kontiola wins face-off versus Tom Pyatt in Machettes zone.
5:36 of 1st period - Snap shot by Eric Godard.
5:36 of 1st period - Stopped by Semyon Varlamov with a rebound.
5:44 of 1st period - Slapshot by Alexei Semenov.
5:44 of 1st period - Deflect By Pierre-Alexandre Parenteau.
5:44 of 1st period - Goal by Pierre-Alexandre Parenteau - Machettes : 0 - Thunder : 1.
5:45 of 1st period - Tom Pyatt wins face-off versus Petri Kontiola in neutral zone.
6:33 of 1st period - Backhand shot by Adam Hall.
6:33 of 1st period - Stopped by Marek Schwarz without a rebound.
6:34 of 1st period - John Mitchell wins face-off versus Jerred Smithson in Machettes zone.
6:49 of 1st period - Wrist shot by Pavel Vorobiev.
6:49 of 1st period - Stopped by Semyon Varlamov without a rebound.
6:50 of 1st period - Petri Kontiola wins face-off versus Tom Pyatt in Thunder zone.
6:51 of 1st period - Snap shot by Eric Godard.
6:51 of 1st period - Stopped by Semyon Varlamov with a rebound.
7:15 of 1st period - Pierre-Alexandre Parenteau is hit by James Wisniewski.
7:39 of 1st period - Minor Penalty to Alexandre Picard for Roughing.
7:40 of 1st period - Jerred Smithson wins face-off versus Eric Godard in Machettes zone.
7:41 of 1st period - Wrist shot by Adam Hall.
7:41 of 1st period - Shot Misses the Net.
8:29 of 1st period - Derek Peltier is hit by Stefan Ruzicka and loses puck.
9:39 of 1st period - Penalty to Alexandre Picard is over, Alexandre Picard is back on ice.
10:05 of 1st period - Slapshot by Derek Peltier.
10:05 of 1st period - Shot Misses the Net.
10:50 of 1st period - Brett Festerling is hit by Tom Gilbert.
12:48 of 1st period - Snap shot by Stefan Ruzicka.
12:48 of 1st period - Stopped by Semyon Varlamov with a rebound.
13:35 of 1st period - Snap shot by Petri Kontiola.
13:35 of 1st period - Stopped by Semyon Varlamov with a rebound.
14:38 of 1st period - Kelly Zajac is hit by Sergei Kostitsyn and loses puck.
14:57 of 1st period - John Mitchell is hit by Kevin Montgomery and loses puck.
15:14 of 1st period - Tom Gilbert is hit by Brandon Mashinter and loses puck.
15:25 of 1st period - James Wisniewski is hit by Alexei Semenov and loses puck.
16:00 of 1st period - John Mitchell is hit by Joey Crabb.
16:29 of 1st period - Wrist shot by Pierre-Alexandre Parenteau.
16:29 of 1st period - Shot Misses the Net.
16:53 of 1st period - Petri Kontiola is hit by Scott Parse and loses puck.
17:08 of 1st period - Peter Olvecky is hit by Robin Leblanc and loses puck.
17:30 of 1st period - Snap shot by Tom Pyatt.
17:30 of 1st period - Shot Misses the Net.
17:32 of 1st period - Slapshot by Ray Macias.
17:32 of 1st period - Shot Blocked by Keith Yandle.
17:34 of 1st period - Wrist shot by Tom Pyatt.
17:34 of 1st period - Goal by Tom Pyatt - Machettes : 0 - Thunder : 2.
17:35 of 1st period - Petri Kontiola wins face-off versus Scott Parse in neutral zone.
18:05 of 1st period - Minor Penalty to Brandon Mashinter for Holding.
18:06 of 1st period - John Mitchell wins face-off versus Adam Hall in Thunder zone.
18:13 of 1st period - Slapshot by Peter Olvecky.
18:13 of 1st period - Stopped by Semyon Varlamov without a rebound.
18:14 of 1st period - Adam Hall wins face-off versus John Mitchell in Thunder zone.
18:51 of 1st period - Snap shot by Daniel Winnik.
18:51 of 1st period - Stopped by Marek Schwarz with a rebound.
2nd period
0:01 of 2nd period - Sergei Kostitsyn wins face-off versus Adam Hall in neutral zone.
0:05 of 2nd period - Penalty to Brandon Mashinter is over, Brandon Mashinter is back on ice.
0:08 of 2nd period - Wrist shot by Eric Godard.
0:08 of 2nd period - Shot Misses the Net.
0:10 of 2nd period - Snap shot by Petri Kontiola.
0:10 of 2nd period - Stopped by Semyon Varlamov with a rebound.
0:12 of 2nd period - Wrist shot by Sergei Kostitsyn.
0:12 of 2nd period - Shot Misses the Net.
0:14 of 2nd period - Snap shot by Eric Godard.
0:14 of 2nd period - Shot Misses the Net.
0:16 of 2nd period - Wrist shot by Petri Kontiola.
0:16 of 2nd period - Shot Blocked by Alexei Semenov.
0:26 of 2nd period - Doug Janik is hit by Stefan Ruzicka and loses puck.
0:42 of 2nd period - Slapshot by Adam Hall.
0:42 of 2nd period - Deflect By Scott Parse.
0:42 of 2nd period - Shot Misses the Net.
0:42 of 2nd period - Puck is out of play.
0:43 of 2nd period - Petri Kontiola wins face-off versus Tom Pyatt in Machettes zone.
0:57 of 2nd period - Slapshot by Eric Godard.
0:57 of 2nd period - Shot Misses the Net.
1:54 of 2nd period - Snap shot by Cory Emmerton.
1:54 of 2nd period - Goal by Cory Emmerton - Machettes : 1 - Thunder : 2.
1:55 of 2nd period - Petri Kontiola wins face-off versus Jerred Smithson in neutral zone.
2:02 of 2nd period - Snap shot by Eric Godard.
2:02 of 2nd period - Stopped by Semyon Varlamov with a rebound.
2:47 of 2nd period - Snap shot by Joey Crabb.
2:47 of 2nd period - Stopped by Marek Schwarz with a rebound.
2:49 of 2nd period - Slapshot by Derek Peltier.
2:49 of 2nd period - Shot Blocked by Tom Gilbert.
3:28 of 2nd period - Off-side.
3:29 of 2nd period - John Mitchell wins face-off versus Tom Pyatt in neutral zone.
3:41 of 2nd period - Wrist shot by Pavel Vorobiev.
3:41 of 2nd period - Stopped by Semyon Varlamov with a rebound.
3:43 of 2nd period - Snap shot by Peter Olvecky.
3:43 of 2nd period - Shot Misses the Net.
3:45 of 2nd period - Slapshot by Alexandre Picard.
3:45 of 2nd period - Stopped by Semyon Varlamov without a rebound.
3:46 of 2nd period - Jerred Smithson wins face-off versus Petri Kontiola in Thunder zone.
3:46 of 2nd period - Jerred Smithson is hit by Sergei Kostitsyn.
3:54 of 2nd period - Snap shot by Adam Hall.
3:54 of 2nd period - Shot Blocked by Petri Kontiola.
4:14 of 2nd period - Slapshot by Daniel Winnik.
4:14 of 2nd period - Stopped by Marek Schwarz with a rebound.
4:16 of 2nd period - Snap shot by Pierre-Alexandre Parenteau.
4:16 of 2nd period - Stopped by Marek Schwarz with a rebound.
4:20 of 2nd period - Snap shot by Daniel Winnik.
4:20 of 2nd period - Deflect By Pierre-Alexandre Parenteau.
4:20 of 2nd period - Shot Blocked by Brett Carson.
4:20 of 2nd period - Puck is out of play.
4:21 of 2nd period - John Mitchell wins face-off versus Tom Pyatt in Machettes zone.
4:21 of 2nd period - John Mitchell is hit by Pierre-Alexandre Parenteau.
5:33 of 2nd period - Wrist shot by Robin Leblanc.
5:33 of 2nd period - Shot Blocked by Jonathan Matsumoto.
5:51 of 2nd period - Slapshot by Pavel Vorobiev.
5:51 of 2nd period - Stopped by Semyon Varlamov with a rebound.
5:53 of 2nd period - Slapshot by Peter Olvecky.
5:53 of 2nd period - Deflect By Daniel Winnik.
5:53 of 2nd period - Stopped by Semyon Varlamov without a rebound.
5:54 of 2nd period - Petri Kontiola wins face-off versus Jerred Smithson in Thunder zone.
6:42 of 2nd period - Snap shot by Alexei Semenov.
6:42 of 2nd period - Stopped by Marek Schwarz with a rebound.
6:44 of 2nd period - Snap shot by Jerred Smithson.
6:44 of 2nd period - Stopped by Marek Schwarz with a rebound.
6:46 of 2nd period - Slapshot by Alexei Semenov.
6:46 of 2nd period - Stopped by Marek Schwarz with a rebound.
6:48 of 2nd period - Slapshot by Alexei Semenov.
6:48 of 2nd period - Stopped by Marek Schwarz without a rebound.
6:49 of 2nd period - Petri Kontiola wins face-off versus Tom Pyatt in Machettes zone.
7:02 of 2nd period - Alexandre Picard is hit by Pierre-Alexandre Parenteau and loses puck.
7:35 of 2nd period - Snap shot by Stefan Ruzicka.
7:35 of 2nd period - Stopped by Semyon Varlamov without a rebound.
7:36 of 2nd period - Kelly Zajac wins face-off versus Jonathan Matsumoto in Thunder zone.
8:03 of 2nd period - Derek Peltier is hit by Peter Olvecky.
8:25 of 2nd period - Wrist shot by Cory Emmerton.
8:25 of 2nd period - Stopped by Semyon Varlamov without a rebound.
8:26 of 2nd period - Cory Emmerton wins face-off versus Jerred Smithson in Thunder zone.
8:33 of 2nd period - Steven Goertzen is hit by Jerred Smithson and loses puck.
8:52 of 2nd period - Petri Kontiola is hit by Pierre-Alexandre Parenteau and loses puck.
9:15 of 2nd period - Snap shot by Brandon Mashinter.
9:15 of 2nd period - Deflect By Joey Crabb.
9:15 of 2nd period - Stopped by Marek Schwarz without a rebound.
9:16 of 2nd period - Adam Hall wins face-off versus John Mitchell in Machettes zone.
9:31 of 2nd period - Slapshot by Keith Yandle.
9:31 of 2nd period - Shot Misses the Net.
9:48 of 2nd period - Minor Penalty to Colby Cohen for Tripping.
9:49 of 2nd period - Adam Hall wins face-off versus Petri Kontiola in Thunder zone.
9:54 of 2nd period - Wrist shot by Eric Godard.
9:54 of 2nd period - Shot Misses the Net.
9:56 of 2nd period - Slapshot by Tom Gilbert.
9:56 of 2nd period - Stopped by Semyon Varlamov with a rebound.
9:58 of 2nd period - Slapshot by James Wisniewski.
9:58 of 2nd period - Shot Blocked by Doug Janik.
10:00 of 2nd period - Slapshot by James Wisniewski.
10:00 of 2nd period - Stopped by Semyon Varlamov with a rebound.
10:02 of 2nd period - Snap shot by Petri Kontiola.
10:02 of 2nd period - Shot Misses the Net.
10:04 of 2nd period - Slapshot by Tom Gilbert.
10:04 of 2nd period - Stopped by Semyon Varlamov without a rebound.
10:05 of 2nd period - Adam Hall wins face-off versus Petri Kontiola in Thunder zone.
11:48 of 2nd period - Penalty to Colby Cohen is over, Colby Cohen is back on ice.
12:02 of 2nd period - Brett Festerling is hit by Alexandre Picard and loses puck.
12:14 of 2nd period - Minor Penalty to Brandon Mashinter for Holding.
12:15 of 2nd period - Adam Hall wins face-off versus Petri Kontiola in Thunder zone.
12:40 of 2nd period - Scott Parse is hit by Pavel Vorobiev.
12:50 of 2nd period - Slapshot by John Mitchell.
12:50 of 2nd period - Shot Misses the Net.
14:14 of 2nd period - Penalty to Brandon Mashinter is over, Brandon Mashinter is back on ice.
14:34 of 2nd period - Snap shot by Kelly Zajac.
14:34 of 2nd period - Stopped by Marek Schwarz without a rebound.
14:35 of 2nd period - Jonathan Matsumoto wins face-off versus Kelly Zajac in Machettes zone.
15:16 of 2nd period - Snap shot by Pavel Vorobiev.
15:16 of 2nd period - Shot Blocked by Brett Festerling.
15:18 of 2nd period - Slapshot by Alexandre Picard.
15:18 of 2nd period - Stopped by Semyon Varlamov with a rebound.
15:44 of 2nd period - Snap shot by Adam Hall.
15:44 of 2nd period - Stopped by Marek Schwarz without a rebound.
15:45 of 2nd period - Jerred Smithson wins face-off versus Petri Kontiola in Machettes zone.
15:48 of 2nd period - Slapshot by Alexei Semenov.
15:48 of 2nd period - Stopped by Marek Schwarz with a rebound.
15:58 of 2nd period - Wrist shot by Sergei Kostitsyn.
15:58 of 2nd period - Shot Misses the Net.
16:00 of 2nd period - Wrist shot by Eric Godard.
16:00 of 2nd period - Shot Misses the Net.
16:15 of 2nd period - Pavel Vorobiev is hit by Pierre-Alexandre Parenteau and loses puck.
16:49 of 2nd period - Off-side.
16:50 of 2nd period - Kelly Zajac wins face-off versus Petri Kontiola in neutral zone.
17:01 of 2nd period - Slapshot by Doug Janik.
17:01 of 2nd period - Shot Misses the Net.
17:05 of 2nd period - Snap shot by Robin Leblanc.
17:05 of 2nd period - Deflect By Casey Pierro-Zabotel.
17:05 of 2nd period - Shot Blocked by Brett Carson.
17:05 of 2nd period - Puck is out of play.
17:06 of 2nd period - Jerred Smithson wins face-off versus John Mitchell in Machettes zone.
17:09 of 2nd period - Wrist shot by Scott Parse.
17:09 of 2nd period - Stopped by Marek Schwarz with a rebound.
17:31 of 2nd period - Tom Pyatt is hit by Petri Kontiola.
17:37 of 2nd period - Snap shot by Eric Godard.
17:37 of 2nd period - Stopped by Semyon Varlamov with a rebound.
17:53 of 2nd period - Tyler McNeely is hit by Joey Crabb and loses puck.
18:00 of 2nd period - Wrist shot by Colton Gillies.
18:00 of 2nd period - Deflect By Joey Crabb.
18:00 of 2nd period - Shot Blocked by Alexandre Picard.
18:00 of 2nd period - Puck is out of play.
18:01 of 2nd period - Jerred Smithson wins face-off versus Petri Kontiola in Machettes zone.
18:04 of 2nd period - Wrist shot by Scott Parse.
18:04 of 2nd period - Shot Blocked by Sergei Kostitsyn.
18:06 of 2nd period - Snap shot by Scott Parse.
18:06 of 2nd period - Stopped by Marek Schwarz without a rebound.
18:07 of 2nd period - Jerred Smithson wins face-off versus Petri Kontiola in Machettes zone.
18:20 of 2nd period - Snap shot by Adam Hall.
18:20 of 2nd period - Shot Misses the Net.
18:21 of 2nd period - Minor Penalty to Alexei Semenov for Holding.
18:22 of 2nd period - Petri Kontiola wins face-off versus Adam Hall in Thunder zone.
19:15 of 2nd period - Sergei Kostitsyn is hit by Daniel Winnik and loses puck.
19:22 of 2nd period - Slapshot by Pierre-Alexandre Parenteau.
19:22 of 2nd period - Shot Misses the Net.
3rd period
0:01 of 3rd period - Petri Kontiola wins face-off versus Adam Hall in neutral zone.
0:06 of 3rd period - Slapshot by Sergei Kostitsyn.
0:06 of 3rd period - Goal by Sergei Kostitsyn - Machettes : 2 - Thunder : 2.
0:07 of 3rd period - Jerred Smithson wins face-off versus Eric Godard in neutral zone.
0:16 of 3rd period - Snap shot by Adam Hall.
0:16 of 3rd period - Stopped by Marek Schwarz with a rebound.
0:29 of 3rd period - Minor Penalty to Tom Pyatt for Roughing.
0:30 of 3rd period - Eric Godard wins face-off versus Adam Hall in Thunder zone.
0:39 of 3rd period - Slapshot by Petri Kontiola.
0:39 of 3rd period - Stopped by Semyon Varlamov with a rebound.
0:41 of 3rd period - Slapshot by Tom Gilbert.
0:41 of 3rd period - Deflect By Petri Kontiola.
0:41 of 3rd period - Shot Misses the Net.
0:41 of 3rd period - Puck is out of play.
0:42 of 3rd period - Adam Hall wins face-off versus Petri Kontiola in Thunder zone.
0:42 of 3rd period - Adam Hall is hit by James Wisniewski.
1:33 of 3rd period - Wrist shot by Pierre-Alexandre Parenteau.
1:33 of 3rd period - Deflect By Daniel Winnik.
1:33 of 3rd period - Stopped by Marek Schwarz with a rebound.
2:29 of 3rd period - Penalty to Tom Pyatt is over, Tom Pyatt is back on ice.
2:56 of 3rd period - Kelly Zajac is hit by Steven Goertzen and loses puck.
3:01 of 3rd period - Snap shot by Cory Emmerton.
3:01 of 3rd period - Shot Misses the Net.
3:57 of 3rd period - Tyler McNeely is hit by Casey Pierro-Zabotel and loses puck.
4:05 of 3rd period - Icing by Keith Yandle.
4:06 of 3rd period - Jonathan Matsumoto wins face-off versus Tom Pyatt in Machettes zone.
4:06 of 3rd period - Jonathan Matsumoto is hit by Daniel Winnik.
4:13 of 3rd period - Minor Penalty to Pierre-Alexandre Parenteau for Tripping.
4:14 of 3rd period - Petri Kontiola wins face-off versus Scott Parse in Thunder zone.
4:19 of 3rd period - Wrist shot by Eric Godard.
4:19 of 3rd period - Shot Misses the Net.
4:23 of 3rd period - Slapshot by Eric Godard.
4:23 of 3rd period - Stopped by Semyon Varlamov with a rebound.
4:25 of 3rd period - Snap shot by Sergei Kostitsyn.
4:25 of 3rd period - Stopped by Semyon Varlamov with a rebound.
4:27 of 3rd period - Wrist shot by Sergei Kostitsyn.
4:27 of 3rd period - Goal by Sergei Kostitsyn - Machettes : 3 - Thunder : 2.
4:28 of 3rd period - Jerred Smithson wins face-off versus Sergei Kostitsyn in neutral zone.
4:43 of 3rd period - Slapshot by Adam Hall.
4:43 of 3rd period - Shot Misses the Net.
4:53 of 3rd period - Tom Pyatt is hit by John Mitchell and loses puck.
5:04 of 3rd period - Snap shot by Pavel Vorobiev.
5:04 of 3rd period - Goal by Pavel Vorobiev - Machettes : 4 - Thunder : 2.
5:05 of 3rd period - Jerred Smithson wins face-off versus Petri Kontiola in neutral zone.
5:20 of 3rd period - Slapshot by Alexei Semenov.
5:20 of 3rd period - Stopped by Marek Schwarz with a rebound.
5:30 of 3rd period - Daniel Winnik is hit by Peter Olvecky and loses puck.
5:35 of 3rd period - Wrist shot by Pavel Vorobiev.
5:35 of 3rd period - Stopped by Semyon Varlamov without a rebound.
5:36 of 3rd period - Tom Pyatt wins face-off versus John Mitchell in Thunder zone.
5:43 of 3rd period - Snap shot by Daniel Winnik.
5:43 of 3rd period - Goal by Daniel Winnik - Machettes : 4 - Thunder : 3.
5:44 of 3rd period - Petri Kontiola wins face-off versus Jerred Smithson in neutral zone.
6:49 of 3rd period - Wrist shot by Cory Emmerton.
6:49 of 3rd period - Stopped by Semyon Varlamov with a rebound.
6:51 of 3rd period - Wrist shot by Steven Goertzen.
6:51 of 3rd period - Machettes goal is going for a video replay.
6:51 of 3rd period - The goal is good.
6:51 of 3rd period - Goal by Steven Goertzen - Machettes : 5 - Thunder : 3.
6:52 of 3rd period - Jerred Smithson wins face-off versus Petri Kontiola in neutral zone.
7:42 of 3rd period - Snap shot by Cory Emmerton.
7:42 of 3rd period - Stopped by Semyon Varlamov without a rebound.
7:43 of 3rd period - Jerred Smithson wins face-off versus Dustin Jeffrey in Thunder zone.
8:06 of 3rd period - Minor Penalty to Brandon Mashinter for Hooking.
8:07 of 3rd period - Petri Kontiola wins face-off versus Adam Hall in Thunder zone.
8:20 of 3rd period - Snap shot by Eric Godard.
8:20 of 3rd period - Stopped by Semyon Varlamov without a rebound.
8:21 of 3rd period - Petri Kontiola wins face-off versus Adam Hall in Thunder zone.
8:29 of 3rd period - Off-side.
8:30 of 3rd period - Adam Hall wins face-off versus Petri Kontiola in neutral zone.
8:33 of 3rd period - Slapshot by Alexei Semenov.
8:33 of 3rd period - Stopped by Marek Schwarz without a rebound.
8:34 of 3rd period - Adam Hall wins face-off versus Sergei Kostitsyn in Machettes zone.
8:59 of 3rd period - Peter Olvecky is hit by Pierre-Alexandre Parenteau and loses puck.
9:25 of 3rd period - Wrist shot by Eric Godard.
9:25 of 3rd period - Shot Misses the Net.
10:06 of 3rd period - Penalty to Brandon Mashinter is over, Brandon Mashinter is back on ice.
10:18 of 3rd period - Snap shot by Adam Hall.
10:18 of 3rd period - Shot Misses the Net.
10:24 of 3rd period - Adam Hall is hit by Keith Yandle and loses puck.
11:04 of 3rd period - Icing by Pierre-Alexandre Parenteau.
11:05 of 3rd period - Petri Kontiola wins face-off versus Tom Pyatt in Thunder zone.
11:18 of 3rd period - Snap shot by Sergei Kostitsyn.
11:18 of 3rd period - Stopped by Semyon Varlamov without a rebound.
11:19 of 3rd period - Petri Kontiola wins face-off versus Joey Crabb in Thunder zone.
12:36 of 3rd period - Alexandre Picard is hit by Robin Leblanc.
13:16 of 3rd period - Minor Penalty to Brett Festerling for Tripping.
13:17 of 3rd period - Adam Hall wins face-off versus Petri Kontiola in Thunder zone.
13:32 of 3rd period - Snap shot by Eric Godard.
13:32 of 3rd period - Shot Misses the Net.
13:46 of 3rd period - Slapshot by Alexei Semenov.
13:46 of 3rd period - Shot Misses the Net.
15:16 of 3rd period - Penalty to Brett Festerling is over, Brett Festerling is back on ice.
15:18 of 3rd period - Derek Peltier is hit by Tom Gilbert.
15:40 of 3rd period - Snap shot by Derek Peltier.
15:40 of 3rd period - Deflect By Robin Leblanc.
15:40 of 3rd period - Shot Misses the Net.
15:40 of 3rd period - Puck is out of play.
15:41 of 3rd period - Tyler McNeely wins face-off versus Kelly Zajac in Machettes zone.
16:04 of 3rd period - Brandon Mashinter is hit by Dustin Jeffrey and loses puck.
16:15 of 3rd period - Andrew MacDonald is hit by Joey Crabb and loses puck.
16:40 of 3rd period - Kevin Montgomery is hit by Cory Emmerton and loses puck.
16:53 of 3rd period - Kevin Montgomery is hit by Dustin Jeffrey.
17:01 of 3rd period - Steven Goertzen is hit by Kevin Montgomery and loses puck.
17:14 of 3rd period - Joey Crabb is hit by Steven Goertzen and loses puck.
Output by the SimonT Hockey Simulator (STHS) for François Prévost -- Original Page W3C XHTML 1.0 Valid